 Dungeon Crawl Stone Soup version 0.28-a0-1524-ge72afd5fc6 (webtiles) character file.

Game seed: 11061949944981872529

133 fragbeetle the Insei (level 4, 0/36 HPs)
             Began as a Draconian Transmuter on Jan 17, 2022.
             Slain by Jessica (7 damage)
             ... on level 2 of the Dungeon.
             The game lasted 00:03:46 (2085 turns).

fragbeetle the Insei (Draconian Transmuter)         Turns: 2085, Time: 00:03:47

Health: 0/36       AC:  5    Str: 13    XL:     4   Next: 93%
Magic:  5/7        EV: 12    Int: 13    God:
Gold:   143        SH:  0    Dex: 13    Spells: 3/7 levels left

rFire   . . .      SeeInvis .     - Unarmed
rCold   . . .      Faith    .   (no shield)
rNeg    . . .      Spirit   .   (armour unavailable)
rPois   .          Reflect  .   (helmet currently unavailable)
rElec   .          Harm     .   (no cloak)
rCorr   .          Rampage  .   (no gloves)
Will    .....                   (boots currently unavailable)
Stlth   +.........              (no amulet)
HPRegen 0.12/turn               (no ring)
MPRegen 0.10/turn               (no ring)

@: appendages (expiring), very slightly contaminated, slowed, very slow
A: horns 2, talons 2, AC +5, unfitting armour, cold-blooded
a: End Transformation


You were on level 2 of the Dungeon.
You had temporarily grown beastly horns and talons.
You visited 1 branch of the dungeon, and saw 3 of its levels.

You collected 143 gold pieces.

Inventory:

Missiles
 b - 37 stones
 g - 12 sling bullets
 k - 3 boomerangs
Armour
 j - a +0 buckler
Scrolls
 c - a scroll of enchant armour {unknown}
 d - 2 scrolls of identify {unknown}
 f - a scroll of magic mapping {unknown}
 h - a scroll of blinking {unknown}
 m - a scroll of amnesia {unknown}
Potions
 a - a potion of brilliance {unknown}
 e - a potion of invisibility {unknown}
 i - a potion of heal wounds {unknown}
 l - 2 potions of mutation {unknown}


   Skills:
 + Level 2.1 Fighting
 + Level 2.4 Dodging
 * Level 3.9 Unarmed Combat
 - Level 2.0 Spellcasting
 * Level 3.1 Transmutations
 * Level 1.5 Poison Magic


You had 3 spell levels left.
You knew the following spells:

 Your Spells              Type           Power      Damage    Failure   Level
a - Beastly Appendage     Tmut           18%        N/A       7%          1
b - Spider Form           Tmut/Pois      7%         N/A       28%         3

Your spell library contained the following spells:

 Spells                   Type           Power      Damage    Failure   Level
 Wereblood                Tmut           9%         N/A       11%         2
 Shock                    Conj/Air       4%         1d3       26%         1
 Swiftness                Air            1%         N/A       58%         3
 Ice Form                 Ice/Tmut       5%         N/A       80%         4
 Airstrike                Air            0%         N/A       94%         4


Dungeon Overview and Level Annotations

Branches:
Dungeon (3/15)

Altars:

Shops:
D:2 (

Annotations:
D:2 Jessica


Innate Abilities, Weirdness & Mutations

You have temporarily grown beastly horns and talons.
Your plain brown scales are hard. (AC +5)
You cannot fit into any form of body armour.
You are cold-blooded and may be slowed by cold attacks.


Message History

Your horns disappear.
Your talons disappear.
The bat closely misses you. Jessica barely misses you.
You barely miss Jessica.
Your tail-slap misses Jessica.
Jessica is heavily wounded.
The bat hits you but does no damage. Jessica barely misses you.
The bat hits you. Jessica casts a spell at you. Pain shoots through your body!
You barely miss Jessica.
You tail-slap Jessica, but do no damage.
Jessica is heavily wounded.
The bat hits you but does no damage. Jessica hits you with a +0 club.
You hit Jessica but do no damage.
Your tail-slap misses Jessica.
Jessica is heavily wounded.
The bat hits you but does no damage.
Jessica gestures wildly while chanting.
Jessica blinks!
Casting: Beastly Appendage (safe; 7% risk of failure)
Confirm with . or Enter, or press ? or * to list all spells.
You miscast Beastly Appendage.
You are very lightly contaminated with residual magic.
Nothing appears to happen.
The bat hits you but does no damage. The bat barely misses you.
You barely miss the bat.
Your tail-slap misses the bat.
The bat hits you but does no damage.
Casting: Beastly Appendage (safe; 7% risk of failure)
Confirm with . or Enter, or press ? or * to list all spells.
You grow a pair of large bovine horns.
Your feet morph into talons.
The bat hits you but does no damage. x2
You hit Jessica but do no damage. Your kick misses Jessica.
Jessica is heavily wounded.
Your transformation is almost over.
The bat hits you but does no damage. Jessica hits you with a +0 club.
* * * LOW HITPOINT WARNING * * *
You hit Jessica.
Jessica is severely wounded.
The bat barely misses you. The bat hits you.
* * * LOW HITPOINT WARNING * * *
Jessica hits you with a +0 club!
You die...

#####.####..##...............
#.......###.#............
#...................†....
#..........#.............
#............#...........
#....†........#.....##...
#.............###.#..##..
#.......@.....###.##....#
#......†@.b.......#......
####.#.####....#.........
#........###.......#.#...
#.######.###............. #.#
#...........[.<)...#. #.#
#....................
#.###............)).#####
#..................##...#
#####..........)..##.....


You could see Jessica and a bat.

Vanquished Creatures
  4 gnolls (D:2)
  6 adders (D:2)
  A worm (D:2)
  3 endoplasms
  2 giant cockroaches (D:2)
  5 goblins
  4 hobgoblins
  3 kobolds (D:2)
  2 quokkas
  4 ball pythons
  A bat (D:2)
  4 frilled lizards
  4 rats (D:2)
43 creatures vanquished.

Notes
Turn   | Place    | Note
-------+----------+-------------------------------------------
     0 | D:1      | fragbeetle the Draconian Transmuter began the quest for the
                  | Orb.
     0 | D:1      | Reached XP level 1. HP: 16/16 MP: 3/3
   248 | D:1      | Found a faded altar of an unknown god.
   549 | D:1      | Reached XP level 2. HP: 23/23 MP: 3/5
  1097 | D:2      | Found Lingoc's Antique Weapon Boutique.
  1240 | D:2      | Reached XP level 3. HP: 18/28 MP: 4/6
  1244 | D:2      | Learned a level 3 spell: Spider Form
  1480 | D:2      | Reached skill level 1 in Poison Magic
  1480 | D:2      | Reached XP level 4. HP: 32/36 MP: 7/7
  2003 | D:3      | Noticed Jessica
  2085 | D:2      | Slain by Jessica

Illustrated notes

Levels and vault maps discovered:
D:1:      sevenhm_arrival_forest_fort_large_4, layout_loops_ring,
          dreamdust_ecumenical_altar_statues, moated_statue
D:2:      kennysheep_six_static_rooms, layout_rooms, serial_shops, shop
D:3:      layout_rooms, lemuel_tele_altar, uniq_jessica, uniq_sigmund

Skill      XL: |  1  2  3  4 |
---------------+-------------+-----
Dodging        | 2 |  2.4
Poison Magic   | 1 |  1.5
Transmutations | 3 |  3.1
Fighting       | 2 |  2.1
Unarmed Combat | |  3.9
Spellcasting   | |  2.0

Action                   |  1- 3 |  4- 6 || total
-------------------------+-------+-------++-------
Melee: Unarmed           |    82 |    47 ||   129
       Kick              |    16 |     6 ||    22
       Headbutt          |     8 |     5 ||    13
       Tailslap          |     3 |     4 ||     7
 Cast: Beastly Appendage |    20 |     7 ||    27
       Spider Form       |       |     2 ||     2
 Stab: Sleeping          |       |     1 ||     1
Armor: Skin              |    27 |    18 ||    45
Dodge: Dodged            |    57 |    50 ||   107

Table legend: (Time is in decaauts)
 A = Elapsed time spent in this place.
 B = Non-inter-level travel time spent in this place.
 C = Inter-level travel time spent in this place.
 D = Time resting spent in this place.
 E = Time spent auto-exploring this place.
 F = Levels seen in this place.
 G = Mean time per level.
                   A        B        C        D        E       F      G
               +--------+--------+--------+--------+--------+-----+--------+
         Total |   2086 |   2009 |     77 |    477 |   1042 |   3 |  695.3 |
       Dungeon |   2086 |   2009 |     77 |    477 |   1042 |   3 |  695.3 |
               +--------+--------+--------+--------+--------+-----+--------+

Top non-repeatable levels by time:
     D:1: 1208 daAuts
     D:2: 854 daAuts
     D:3: 22 daAuts
